Unix NetHack Version 5.0.0-0 post-release - last build May 17 2026 04:57:42 (dc50c8380fa5e20985bfe3072449f57b8d9895ef,branch:main).

Game began 2026-05-21 23:37:31, ended 2026-05-22 01:11:34.

Drastanta, lawful male human Samurai

                                                                 ---------
    ---------      ############(######*####   -------------      |.....h.|
    |.......|      #-------------             |..........`.#     |.......|
    |.......|      #|...........| ############.........{..|######........|
    |.....@.-#######|............##           ---.----.----###   |.......|
    |i.....&|       -.-----------                                -.-------
    |........#######%######                                       # #
    ---------        #    #####                                   ####
                     ##       #######                                #
                      ##            ##                               #
                       #####         ####                           ###
                           #            #####                   -----.-----
                  ---------.--              ###---------.-   ## |.........|
                  |..........|                #|.........-##  # |.........|
                  |........<.|                #|.........| #####|.........|
                  |..........|                #..........|    ##|......>..|
                  |..........|                 |.........|    ##-.........|
                  ------------                 |.........|      |.........|
                                               -----------      -----------

Drastanta the Ninja    St:14 Dx:18 Co:18 In:10 Wi:9 Ch:6  Lawful
Dlvl:7  $:426 HP:0(88) Pw:44(44) AC:8  Xp:9 T:9012 

Latest messages:
 "Shall I remove your hat, dear?" [yn] (n) n
 Time stands still while you and the succubus lie in each other's arms...
 The succubus seems to have enjoyed it more than you...
 You feel out of shape.
 Sayonara level 10.
 The succubus takes 768 zorkmids for services rendered!
 The succubus vanishes!
 The water demon hits!
 The water demon misses!
 The water demon bites!
 The water demon just misses!
 The water demon hits!
 The water demon bites!
 Are you sure you want to pray? [yn] (n) y
 You begin praying to Amaterasu Omikami.
 You are surrounded by a shimmering light.
 The water demon starts to attack you, but pulls back.
 The water demon starts to attack you, but pulls back.
 The water demon starts to attack you, but pulls back.
 The water demon starts to attack you, but pulls back.
 The water demon starts to attack you, but pulls back.
 The water demon starts to attack you, but pulls back.
 You finish your prayer.
 You feel that Amaterasu Omikami is well-pleased.
 The water demon hits!
 The water demon hits!
 The water demon bites!
 What do you want to zap? [itBEIJ or ?*] ?
 In what direction? >
 You dig a hole through the ground.
 You fall through...
 The water demon hits!
 The water demon hits!
 The water demon bites!
 You miss the water demon.
 You miss the water demon.
 The water demon hits!
 The water demon hits!
 The water demon bites!
 You hit the water demon.
 You miss the water demon.
 The water demon hits!
 The water demon hits!
 The water demon bites!
 You die...
 Do you want your possessions identified? [ynq] (y) y
 Do you want to see your attributes? [ynq] (y) y
 Do you want an account of creatures vanquished? [ynaq] (y) y
 Do you want to see your conduct and achievements? [ynq] (y) y
 Do you want to see the dungeon overview? [ynq] (y) y

Inventory:
 Coins    ('$')
  $ - 426 gold pieces
 Weapons  (')')
  d - 7 +0 ya (in quiver)
  c - a +0 yumi
  a - a +0 katana (wielded in left hand)
  v - a cursed thoroughly rusty +0 long sword (wielded in right hand)
  h - a +0 wakizashi
 Armor    ('[')
  F - an uncursed +0 elven leather helm (being worn)
  u - an uncursed +0 pair of yugake (being worn)
  g - a blessed +2 pair of iron shoes
  q - a blessed +0 cloak of displacement
  S - an uncursed +0 dwarvish mithril-coat
 Comestibles  ('%')
  n - an uncursed fortune cookie
  r - an uncursed tin of spinach
 Scrolls  ('?')
  z - an uncursed scroll of blank paper
  x - 2 cursed scrolls of blank paper
  k - an uncursed scroll of enchant armor
  H - an uncursed scroll of fire
  L - an uncursed scroll of food detection
  G - an uncursed scroll of punishment
  A - an uncursed scroll of remove curse
  o - an uncursed scroll of scare monster
 Potions  ('!')
  w - an uncursed potion of object detection
  N - an uncursed potion of sake
  C - a cursed potion of see invisible
  p - 2 uncursed potions of speed
 Rings    ('=')
  Z - an uncursed +1 ring of protection
  K - an uncursed ring of protection from shape changers
  l - an uncursed ring of regeneration
  X - an uncursed ring of shock resistance
 Wands    ('/')
  t - a wand of digging (0:2)
  i - a wand of light (0:8)
  E - a wand of magic missile (0:2)
  B - a wand of magic missile (0:0)
  I - a wand of magic missile (0:0)
  J - a wand of magic missile (0:0)
 Tools    ('(')
  s - an expensive camera (0:87)
  y - a magic marker (0:83)
  b - an uncursed oil lamp
  j - a +0 pick-axe
  M - an uncursed skeleton key
  O - an uncursed stethoscope
  D - an uncursed towel
  P - a +0 unicorn horn
 Gems/Stones  ('*')
  T - an uncursed luckstone

Drastanta the Samurai's attributes:

Background:
 You were a Ninja, a level 9 male human Samurai.
 You were lawful, on a mission for Amaterasu Omikami
 who was opposed by Raijin (neutral) and Susanowo (chaotic).
 You were right-handed.
 You were in the Dungeons of Doom, on level 7.
 You entered the dungeon 9012 turns ago.
 It was nighttime.
 You had 5119 experience points, 1 more was needed to attain level 10.

Basics:
 You had 0 out of 88 hit points.
 You had all 44 energy points (spell power).
 Your armor class was 8.
 Your wallet contained 426 zorkmids.
 Autopickup was off.

Final Characteristics:
 Your strength was 14 (peak:15, limit:18/100).
 Your dexterity was 18 (limit:18).
 Your constitution was 18 (limit:18).
 Your intelligence was 10 (limit:18).
 Your wisdom was 9 (limit:18).
 Your charisma was 6 (limit:18).

Final Status:
 You weren't hungry.
 You were unencumbered.
 You were wielding two weapons at once.
 Your skill in long sword was limited by being unskilled with two weapons.
 You could have enhanced skill with two weapons.

Final Attributes:
 You were piously aligned.
 You were telepathic.
 You were lucky.
 You had extra luck.
 Bad luck did not time out for you.
 Good luck did not time out for you.
 You are dead.

Miscellaneous:
 You didn't encounter any bones levels.
 Total elapsed playing time was 1 hour, 34 minutes and 2 seconds.

Major events:
 Turn
    1: Drastanta the lawful male human Samurai entered the dungeon
  614: entered the Gnomish Mines
  642: attained the rank of Ronin (level 3)
 1224: reached Mine Town
 1650: attained the rank of Ninja (level 6)
 5059: acquired the Mines' End luckstone
 8770: attained the rank of Joshu (level 10)
 9012: killed by a water demon

You didn't know any spells.

Skills:
 Fighting Skills
   martial arts      [Basic]
   two weapon combat [Unskilled]
   riding            [Unskilled]
 Weapon Skills
   dagger            [Unskilled]
   knife             [Unskilled]
   short sword       [Basic]
   broadsword        [Unskilled]
   long sword        [Expert]
   two-handed sword  [Unskilled]
   saber             [Unskilled]
   flail             [Unskilled]
   quarterstaff      [Unskilled]
   polearms          [Unskilled]
   spear             [Unskilled]
   lance             [Unskilled]
   bow               [Basic]
   shuriken          [Unskilled]
 Spellcasting Skills
   attack spells     [Unskilled]
   divination spells [Unskilled]
   clerical spells   [Unskilled]

Voluntary challenges:
 Character rerolling was not enabled.
 You never genocided any monsters.
 You never polymorphed an object.
 You never changed form.
 You used no wishes.
Achievements:
 You entered the Gnomish Mines.
 You attained the rank of Ronin.
 You entered Minetown.
 You attained the rank of Ninja.
 You completed the Gnomish Mines.
 You attained the rank of Joshu.

 The Dungeons of Doom: levels 1 to 8
    Level 1:
    Level 2:
       A fountain.
    Level 3:
       Stairs down to The Gnomish Mines.
    Level 4:
       Some altars.
    Level 5:
       Some fountains.
       Oracle of Delphi.
    Level 6:
    Level 7: <- You were here.
       A fountain.
       Final resting place for
          you, killed by a water demon.
    Level 8:
 The Gnomish Mines: levels 4 to 11
    Level 4:
    Level 5:
    Level 6:
       An altar to Amaterasu Omikami, some fountains.
    Level 7:
    Level 8:
    Level 9:
    Level 10:
    Level 11:
       A fountain.


Vanquished creatures:
  a warhorse
  a wood golem
  a large cat
  a gargoyle
  a dwarf ruler
 an ochre jelly
  a stone giant
 an elf mummy
  a pit viper
  a wraith
  a soldier
  a chameleon
  2 giant beetles
  a wolf
  a winter wolf cub
  a gremlin
  a leprechaun
  7 orc-captains
  a giant spider
  a black light
  2 gnome rulers
 an orc mummy
 an owlbear
  a gold golem
  2 chickatrices
  a housecat
  a jaguar
  a black unicorn
  a dust vortex
  a raven
  a gnome mummy
  3 human zombies
  a Woodland-elf
  2 soldier ants
  4 bugbears
 an imp
  2 water nymphs
  8 Mordor orcs
  7 Uruk-hai
  7 orc shamans
  a rock mole
  a pony
  2 fog clouds
  3 yellow lights
  2 shriekers
  2 violet fungi
 21 gnome leaders
  a gnomish wizard
  a barrow wight
  3 elf zombies
  a paper golem
  4 giant ants
  a little dog
  3 floating eyes
  5 dwarves
  2 kobold leaders
  2 kobold shamans
 13 hill orcs
  3 rabid rats
  5 orc zombies
  a dwarf zombie
  3 iguanas
 an acid blob
  a coyote
  3 manes
  a large kobold
  5 hobgoblins
  a giant rat
  2 cave spiders
  3 brown molds
  a yellow mold
 60 gnomes
  4 geckos
  3 jackals
  2 kobolds
  2 goblins
  3 sewer rats
  4 grid bugs
  4 lichens
 10 newts
265 creatures vanquished.

No species were genocided or became extinct.

Game over:
                       ----------
                      /          \
                     /    REST    \
                    /      IN      \
                   /     PEACE      \
                  /                  \
                  |    Drastanta     |
                  |      426 Au      |
                  |   killed by a    |
                  |   water demon    |
                  |                  |
                  |                  |
                  |       2026       |
                 *|     *  *  *      | *
        _________)/\\_//(\/(/\)/\//\/|_)_______

Sayonara Drastanta the Samurai...

You died in The Dungeons of Doom on dungeon level 7 with 18804 points,
and 426 pieces of gold, after 9012 moves.
You were level 9 with a maximum of 88 hit points when you died.

